Map: Оксид РВ

Players

ИИ 1 (новичок)

  • Race: Zerg Zerg

MindelVK - Winner!

  • Race: Protoss Protoss
  • League: Master

VOD

https://youtu.be/Zok6ntefiCg

Description

Time

  • Played on: May 11, 2021, 1:58 a.m.
  • Length: 10:47
Show
View Real Time Build Order
Export as new Build Order

ИИ 1 (новичок) Zerg 

Build Orders: Hatch First 

Get SALT Encoding   

  12  0:01  Drone  
  13  0:12  Overlord  
  13  0:16  Drone  
  14  0:41  Hatchery  
  13  0:45  Drone  
  14  1:02  Spawning Pool  
  13  1:05  Drone  
  13  1:08  Extractor  
  13  1:12  Drone  
  14  1:19  Overlord  
  14  1:49  Queen  
  14  1:50  Zergling x2  
  14  1:52  Zergling x2  
  18  1:57  Roach Warren  
  18  2:01  Drone  
  18  2:07  Extractor  
  17  2:10  Drone  
  17  2:15  Zergling x2  
  19  2:19  Drone  
  20  2:26  Drone  
  21  2:34  Drone  
  22  2:41  Drone  
  23  2:48  Drone  
  24  2:55  Drone  
  25  3:02  Drone  
  25  3:04  Roach  
  28  3:07  Overlord  
  28  3:12  Drone  
  29  3:19  Drone  
  30  3:26  Drone  
  31  3:34  Drone  
  32  3:41  Drone  
  33  3:43  Overlord  
  33  3:48  Drone  
  34  3:52  Lair  
  34  3:54  Roach  
  34  3:55  Drone  
  37  4:03  Drone  
  38  4:10  Drone  
  39  4:17  Drone  
  40  4:24  Drone  
  40  4:25  Overlord  
  41  4:31  Drone  
  42  4:38  Drone  
  42  4:43  Roach  
  45  4:45  Drone  
  45  4:49  Overseer  
  45  4:50  Overseer  
  45  4:53  Drone  
  45  4:54  Extractor  
  45  5:00  Extractor, Drone  
  45  5:07  Drone  
  46  5:14  Drone  
  47  5:22  Drone  
  48  5:29  Drone  
  48  5:32  Roach  
  51  5:36  Drone  
  52  6:09  Overseer, Overlord  
  52  6:55  Zergling x2  
  52  6:57  Overlord  
  53  7:25  Spawning Pool  
  53  7:26  Drone  
  53  8:14  Zergling x2  
  54  9:13  Overseer, Overlord  
  54  9:44  Overseer, Overlord  
  54  10:01  Overseer  
  54  10:02  Overlord  
  52  10:08  Zergling x2  
  42  10:15  Drone  
  31  10:22  Drone  
  31  10:24  Overlord x2  
  22  10:29  Drone  
  22  10:34  Roach Warren  
Show
View Real Time Build Order
Export as new Build Order

MindelVK Protoss - Winner!

Build Orders: Nexus First 

Get SALT Encoding   

  12  0:00  Probe  
  13  0:12  Probe  
  14  0:19  Pylon  
  14  0:24  Probe  
  15  0:37  Probe  
  16  0:49  Probe  
  17  1:00  Nexus  
  17  1:10  Gateway  
  17  1:14  Probe (Chrono Boost)  
  18  1:21  Assimilator  
  19  1:26  Probe (Chrono Boost)  
  19  1:27  Assimilator  
  19  1:31  Probe (Chrono Boost)  
  20  1:40  Probe (Chrono Boost)  
  20  1:42  Pylon  
  21  1:52  Probe (Chrono Boost)  
  22  1:57  Cybernetics Core, Probe (Chrono Boost)  
  23  2:02  Zealot  
  23  2:07  Probe (Chrono Boost)  
  26  2:12  Probe (Chrono Boost)  
  27  2:19  Probe (Chrono Boost)  
  27  2:22  Probe (Chrono Boost)  
  29  2:25  Probe (Chrono Boost)  
  29  2:27  Probe (Chrono Boost)  
  31  2:34  Stargate  
  31  2:35  Probe  
  32  2:39  Sentry, Probe  
  35  2:47  Gateway  
  35  2:49  Warp Gate  
  35  2:51  Probe  
  35  2:53  Probe  
  37  3:00  Shield Battery  
  37  3:03  Probe  
  38  3:05  Probe  
  38  3:07  Assimilator  
  38  3:09  Assimilator  
  39  3:14  Void Ray (Chrono Boost)  
  39  3:16  Probe (Chrono Boost), Pylon  
  40  3:25  Probe (Chrono Boost)  
  45  3:32  Pylon  
  45  3:33  Probe (Chrono Boost)  
  46  3:35  Probe (Chrono Boost)  
  46  3:40  Probe (Chrono Boost)  
  46  3:41  Probe  
  48  3:42  Pylon  
  49  3:52  Probe  
  49  3:53  Probe  
  51  4:03  Fleet Beacon  
  51  4:04  Stargate  
  51  4:06  Probe x2  
  53  4:18  Pylon  
  53  4:24  Nexus  
  53  4:36  Probe  
  53  4:38  Protoss Air Weapons Level 1 (Chrono Boost)  
  54  4:44  Adept  
  61  4:54  Probe x2, Tempest x2 (Chrono Boost)  
  68  5:03  Pylon  
  68  5:06  Probe x2  
  70  5:19  Probe x2  
  72  5:25  Pylon  
  72  5:29  Tempest x2  
  72  5:33  Probe (Chrono Boost)  
  72  5:34  Probe (Chrono Boost)  
  84  5:36  Probe (Chrono Boost)  
  84  5:38  Shield Battery  
  86  5:44  Probe (Chrono Boost)  
  86  5:46  Probe (Chrono Boost)  
  86  5:48  Probe (Chrono Boost)  
  88  5:54  Probe (Chrono Boost), Forge  
  88  5:55  Probe, Twilight Council  
  88  5:56  Probe  
  91  5:59  Assimilator  
  91  6:01  Assimilator  
  91  6:05  Pylon  
  91  6:09  Pylon  
  92  6:11  Probe x3  
  92  6:16  Void Ray  
  92  6:18  Void Ray  
  94  6:23  Probe x2  
  104  6:27  Probe  
  104  6:28  Unknown  
  105  6:33  Protoss Air Weapons Level 2 (Chrono Boost)  
  105  6:34  Mothership (Chrono Boost)  
  105  6:35  Probe  
  105  6:37  Photon Cannon  
  105  6:39  Photon Cannon  
  106  6:40  Photon Cannon  
  106  6:42  Photon Cannon  
  106  6:43  Pylon  
  118  7:04  Void Ray  
  118  7:05  Gateway  
  118  7:06  Gateway  
  118  7:07  Photon Cannon  
  118  7:08  Gateway  
  118  7:15  Void Ray  
  122  7:24  Pylon  
  122  7:25  Pylon  
  122  7:28  Pylon  
  122  7:29  Protoss Ground Weapons Level 1, Charge  
  122  7:30  Pylon  
  122  7:41  Void Ray  
  122  7:44  Shield Battery  
  122  7:46  Photon Cannon  
  122  7:48  Shield Battery, Photon Cannon  
  126  8:07  Zealot x5  
  136  8:13  Templar Archives  
  136  8:19  Carrier  
  142  8:24  Carrier  
  148  8:28  Nexus  
  148  8:30  Pylon  
  148  8:32  Psionic Storm  
  148  8:35  Probe, Pylon  
  148  8:36  Probe x2, Pylon  
  148  8:38  Pylon  
  151  8:52  Zealot, High Templar  
  155  8:56  Photon Cannon  
  155  8:57  Photon Cannon  
  155  8:58  Photon Cannon  
  155  9:01  Shield Battery  
  155  9:02  High Templar  
  157  9:04  Shield Battery  
  157  9:07  Pylon  
  157  9:12  Photon Cannon  
  157  9:15  Photon Cannon  
  157  9:16  High Templar  
  159  9:17  Photon Cannon  
  159  9:20  Shield Battery  
  159  9:27  Probe  
  159  9:28  Probe x2  
  162  9:36  High Templar  
  162  9:37  High Templar  
  166  9:39  Probe  
  166  9:40  Probe  
  166  9:41  Archon  
  168  9:51  Zealot x2  
  168  9:52  Zealot  
Tags
 
Add a new tag
Caveats
  • Supply blocks, unpowered buildings, or Contaminate may cause inaccurate times.
  • Supply counts are checked every 10 seconds.